 Dungeon Sprint DCSS version 0.29-a0-998-g1987434951 (webtiles) character file.

Game seed: 2202411018024584568

1233 tbh1313 the Cleaver (level 8, -5/81 HPs)
             Began as a Minotaur Berserker on Aug 5, 2022.
             Was a Priest of Trog.
             Shot with an arrow by a centaur warrior (6 damage)
             ... in the Dungeon (Sprint I: "Red Sonja").
             The game lasted 00:02:33 (871 turns).

tbh1313 the Cleaver (Minotaur Berserker)             Turns: 871, Time: 00:02:34

Health: -5/81      AC:  4    Str: 21    XL:     8   Next: 24%
Magic:  7/7        EV: 12    Int:  6    God:    Trog [***...]
Gold:   45         SH:  5    Dex: 11    Spells: 7/7 levels left

rFire   . . .      SeeInvis .   a - +0 hand axe
rCold   . . .      Faith    .   (no shield)
rNeg    . . .      Spirit   .   j - +0 leather armour
rPois   .          Reflect  +   (helmet restricted)
rElec   .          Harm     .   (no cloak)
rCorr   .          Rampage  .   (no gloves)
Will    .....      NoTele   +   (no boots)
Stlth   +.........              l - amulet of reflection
HPRegen 0.23/turn               (no ring)
MPRegen 0.10/turn               (no ring)

@: on berserk cooldown, slowed, very slow
A: horns 2, retaliatory headbutt
a: Renounce Religion, Berserk, Trog's Hand


You were in the Dungeon.
You worshipped Trog.
Trog was most pleased with you.
You visited 1 branch You collected 405 gold pieces.
You spent 360 gold pieces at shops.

Inventory:

Hand Weapons
 a - a +0 hand axe (weapon)
Armour
 j - a +0 leather armour (worn)
Jewellery
 l - an amulet of reflection (around neck)
Wands
 i - a wand of flame (19)
Scrolls
 b - a scroll of identify {unknown}
 k - a scroll of immolation {unknown}
Potions
 c - a potion of curing
 d - a potion of heal wounds
 e - a potion of haste
 f - 2 potions of magic
 g - a potion of berserk rage


   Skills:
 - Level 10.9 Fighting
 - Level 14.0 Axes
 + Level 13.7 Armour
 - Level 2.1 Dodging


You had 7 spell levels left.
You didn't know any spells.
Your spell library was empty.

Dungeon Overview and Level Annotations

Branches:
Dungeon (1/1)

Altars:
Cheibriados
Dithmenos
Elyvilon
Fedhas
Gozag
Hepliaklqana
Kikubaaqudgha
Makhleb
Nemelex Xobeh
Okawaru
Qazlal
Ru
Sif Muna
Trog
Uskayaw
Vehumet
Wu Jian
Xom
Yredelemnul
Zin
The Shining One
Jiyva
Lugonu

Shops:
D =


Innate Abilities, Weirdness & Mutations

You have a pair of horns on your head.
You reflexively headbutt those who attack you in melee.


Message History

Things that are here:
a +0 dagger; a +0 robe; a kobold corpse You start resting.
You are no longer berserk.
You are exhausted.
You feel yourself slow down.
There is an open door, spattered with blood here.
Your skin stops crawling.
You feel less strong-willed.
There is an open door here.
There is an open door here.
There is an open door, spattered with blood here.
You see here a +0 leather armour.
You open the door. 2 centaur warriors come into view.
The centaur warrior shouts!
The centaur warrior wields a +0 shortbow.
The centaur warrior shoots an arrow.
The arrow closely misses you.
The centaur warrior moves out of view.
The centaur warrior shouts!
Found a purple potion.
The centaur warrior wields a +0 shortbow.
The centaur warrior shoots an arrow.
The arrow hits you.
The centaur warrior shoots an arrow.
The arrow hits you!!
The centaur warrior shoots an arrow.
The arrow hits you!!
There is an open door, spattered with blood here.
You see here a +0 leather armour.
You close the door.
A centaur warrior opens the door.
The centaur warrior shoots an arrow.
The arrow barely misses you.
The centaur warrior shoots an arrow.
The arrow hits you!!
* * * LOW HITPOINT WARNING * * *
The centaur warrior shoots an arrow.
The arrow hits you!
* * * LOW HITPOINT WARNING * * *
The centaur warrior shoots an arrow.
You reflect the arrow off an invisible shield around you!
The arrow hits the centaur warrior!!
Blink to where?
Press: ? - help, Dir - move target
As you read the scroll of blinking, it crumbles to dust.
The centaur warrior shoots an arrow.
The arrow hits you.
You die...

##########################
#<.#..)..#..'..#__#..')..#
#..'[.#..').#.@'..'..#)..#
#..#####'#####'#__####...+
#..####..#...#.####§$#####
#..#__####..##§#§§§§c#
#..#_____##'#_.cc~~§.+
#⌠⌠#_.∩...'..._#§~§§§#
####_..__##_.#'##+###
#_____###+#.# ####### ###


You could see a centaur warrior.

Levels and vault maps discovered:
D:        dungeon_sprint_1 [red_sonja_temple_1, red_sonja_temple_small_1]

Notes
Turn   | Place    | Note
-------+----------+-------------------------------------------
     0 | D        | tbh1313 the Minotaur Berserker began the quest for the Orb.
     0 | D        | Reached XP level 1. HP: 19/19 MP: 0/0
     1 | D        | Noticed Ijyb
     9 | D        | Killed Ijyb
    10 | D        | Reached XP level 2. HP: 10/35 MP: 1/1
   263 | D        | Noticed an ogre
   267 | D        | Killed an ogre
   268 | D        | Reached skill level 9 in Axes
   268 | D        | Reached XP level 3. HP: 40/40 MP: 2/2
   268 | D        | Reached XP level 4. HP: 48/48 MP: 3/3
   347 | D        | Noticed Sigmund
   354 | D        | Killed Sigmund
   354 | D        | Reached ** piety under Trog
   355 | D        | Reached skill level 13 in Axes
   355 | D        | Reached XP level 5. HP: 53/53 MP: 4/4
   403 | D        | Found an ornate altar of the Wu Jian Council.
   403 | D        | Found a shimmering blue altar of Sif Muna.
   405 | D        | Found a radiant altar of Vehumet.
   409 | D        | Reached XP level 6. HP: 58/61 MP: 5/5
   437 | D        | Found Huuczousk's Jewellery Emporium.
   437 | D        | Found an ancient bone altar of Kikubaaqudgha.
   437 | D        | Found a hazy altar of Hepliaklqana.
   437 | D        | Found a stormy altar of Qazlal.
   437 | D        | Found a hide-covered altar of Uskayaw.
   437 | D        | Found a blossoming altar of Fedhas.
   437 | D        | Found a bloodstained altar of Trog.
   437 | D        | Found an iron altar of Okawaru.
   437 | D        | Found a basalt altar of Yredelemnul.
   437 | D        | Found a glowing golden altar of the Shining One.
   437 | D        | Found a snail-covered altar of Cheibriados.
   437 | D        | Found a sacrificial altar of Ru.
   437 | D        | Found a glowing silver altar of Zin.
   437 | D        | Found a shadowy altar of Dithmenos.
   437 | D        | Found a white marble altar of Elyvilon.
   437 | D        | Noticed a yak
   441 | D        | Killed a yak
   442 | D        | Reached skill level 14 in Axes
   442 | D        | Reached skill level 10 in Fighting
   442 | D        | Found an opulent altar of Gozag.
   443 | D        | Found a sparkling altar of Nemelex Xobeh.
   464 | D        | Found a viscous altar of Jiyva.
   464 | D        | Found a corrupted altar of Lugonu.
   464 | D        | Noticed a slime creature
   479 | D        | HP: 4/100 [slime creature (16)]
   481 | D        | Killed a slime creature
   482 | D        | Reached XP level 7. HP: 5/73 MP: 6/6
   536 | D        | Found a burning altar of Makhleb.
   536 | D        | Found a shimmering altar of Xom.
   812 | D        | Bought an amulet of reflection for 360 gold pieces
   833 | D        | Noticed a kobold demonologist
   833 | D        | Noticed a kobold demonologist
   835 | D        | Paralysed by a floating eye for 4 turns
   850 | D        | Killed a kobold demonologist
   850 | D        | Reached *** piety under Trog
   852 | D        | Killed a kobold demonologist
   853 | D        | Reached XP level 8. HP: 81/81 MP: 7/7
   867 | D        | Noticed a centaur warrior
   867 | D        | Noticed a centaur warrior
   870 | D        | HP: 8/81 [centaur warrior/arrow (19)]
   870 | D        | HP: 1/81 [centaur warrior/arrow (7)]
   871 | D        | Shot with an arrow by a centaur warrior

Table legend: (Time is in decaauts)
 A = Elapsed time spent in this place.
 B = Non-inter-level travel time spent in this place.
 C = Inter-level travel time spent in this place.
 D = Time resting spent in this place.
 E = Time spent auto-exploring this place.
 F = Levels seen in this place.
 G = Mean time per level.
                   A        B        C        D        E       F      G
               +--------+--------+--------+--------+--------+-----+--------+
         Total |    907 |    907 |      0 |    683 |      2 |   1 |  907.0 |
       Dungeon |    907 |    907 |      0 |    683 |      2 |   1 |  907.0 |
               +--------+--------+--------+--------+--------+-----+--------+

Top non-repeatable levels by time:
       D: 907 daAuts

Table legend:
 A = Kills in this place as a percentage of kills in entire the game.
 B = Kills by you in this place as a percentage of kills by you in the entire game.
 C = Kills by friends in this place as a percentage of kills by friends in the entire game.
 D = Other kills in this place as a percentage of other kills in the entire game.
 E = Experience gained in this place as a percentage of experience gained in the entire game.
 F = Experience gained in this place divided by the number of levels of this place that you have seen.
                   A       B       C       D       E      F
               +-------+-------+-------+-------+-------+----------------------
         Total | 100.0 | 100.0 |   N/A |   N/A | 100.0 | 1762.0
       Dungeon | 100.0 | 100.0 |   N/A |   N/A | 100.0 | 1762.0
               +-------+-------+-------+-------+-------+----------------------

Action                   |  1- 3 |  4- 6 |  7- 9 || total
-------------------------+-------+-------+-------++-------
Melee: Hand axe          |     9 |    25 |    12 ||    46
       Headbutt          |     2 |     9 |     4 ||    15
       Punch             |       |     1 |       ||     1
Invok: Berserk           |     2 |     2 |     1 ||     5
       Trog's Hand       |       |       |     1 ||     1
  Use: Scroll            |       |       |     1 ||     1
Armor: Leather armour    |       |     1 |     3 ||     4
Dodge: Dodged            |       |     6 |     6 ||    12
Block: Other             |       |       |     1 ||     1
       Reflection        |       |       |     1 ||     1

Vanquished Creatures
  2 kobold demonologists (D)
  A slime creature (D)
  Sigmund (D)
  A yak (D)
  A floating eye (D)
  An ogre (D)
  A jelly (D)
  Ijyb (D)
9 creatures vanquished.
